 Dungeon Crawl Stone Soup version 0.26-a0-660-gc07710193c (webtiles) character file.

Game seed: 2151354345740759341

28 jiml777 the Grasshopper (level 3, 0/31 HPs)
             Began as a Gnoll Warper on Oct 6, 2020.
             Hit by a goblin thrown by Robin (1 damage)
             ... on level 2 of the Dungeon.
             The game lasted 00:02:39 (1420 turns).

jiml777 the Grasshopper (Gnoll Warper)              Turns: 1420, Time: 00:02:40

Health: 0/31       AC:  3    Str: 13    XL:     3   Next: 12%
Magic:  9/9        EV: 14    Int: 16    God:
Gold:   50         SH:  0    Dex: 14    Spells: 12/12 levels left

rFire    . . .     SeeInvis .   a - +0 spear
rCold    . . .     Faith    .   (no shield)
rNeg     . . .     Spirit   .   b - +0 leather armour
rPois    .         Reflect  .   (no helmet)
rElec    .         Harm     .   (no cloak)
rCorr    .         Rampage  .   (no gloves)
MR       .....                  (no boots)
Stlth    +.........             (no amulet)
HPRegen  0.10/turn              h - ring of flight
MPRegen  0.11/turn              (no ring)

@: no status effects
A: distributed training, fangs 1, strong nose
a: Evoke Flight


You were on level 2 of the Dungeon.
You visited 1 branch of the dungeon, and saw 2 of its levels.

You collected 50 gold pieces.

Inventory:

Hand Weapons
 a - a +0 spear (weapon)
Missiles
 e - 5 boomerangs of dispersal (quivered)
 f - 44 sling bullets
 g - 5 silver javelins
Armour
 b - a +0 leather armour (worn)
Jewellery
 h - a ring of flight (left hand)
Scrolls
 c - 3 scrolls of identify {unknown}
 d - a scroll of blinking
 j - a scroll of teleportation {unknown}
Potions
 i - a potion of haste {unknown}


   Skills:
 + Level 4.5 Fighting
 + Level 0.6 Short Blades
 + Level 0.6 Long Blades
 + Level 0.6 Axes
 + Level 0.6 Maces & Flails
 + Level 4.5 Polearms
 + Level 0.6 Staves
 + Level 0.6 Slings
 + Level 0.6 Bows
 + Level 0.6 Crossbows
 + Level 2.5 Throwing
 + Level 2.5 Armour
 + Level 4.5 Dodging
 + Level 0.6 Stealth
 + Level 0.6 Shields
 + Level 0.6 Unarmed Combat
 + Level 5.0 Spellcasting
 + Level 0.4 Conjurations
 + Level 0.4 Hexes
 + Level 0.4 Summonings
 + Level 0.4 Necromancy
 + Level 5.4 Translocations
 + Level 0.4 Transmutations
 + Level 0.4 Fire Magic
 + Level 0.4 Ice Magic
 + Level 0.4 Air Magic
 + Level 0.4 Earth Magic
 + Level 0.4 Poison Magic
 + Level 0.8 Invocations
 + Level 0.6 Evocations


You had 12 spell levels left.
You didn't know any spells.
Your spell library contained the following spells:

 Spells                   Type           Power        Failure   Level
 Blink                    Tloc           N/A          3%          2
 Gell's Gravitas          Tloc           ###.......   6%          3
 Lesser Beckoning         Tloc           ###.......   6%          3
 Teleport Other           Tloc           ###.....     6%          3
 Passage of Golubria      Tloc           N/A          22%         4


Dungeon Overview and Level Annotations

Branches:
Dungeon (2/15)

Altars:

Annotations:
D:2 Robin


Innate Abilities, Weirdness & Mutations

Your experience applies equally to all skills.
You have very sharp teeth.
Your uncanny sense of smell can sniff out nearby items.


Message History

You hit the goblin.
The goblin is almost dead.
The goblin hits you.
* * * LOW HITPOINT WARNING * * *
The goblin closely misses you.
You hit the goblin.
You kill the goblin!
The goblin misses you.
You see here a goblin corpse.
Robin throws the goblin at you!
You barely miss the goblin. You bite the goblin.
The goblin is moderately wounded.
The goblin no longer looks unusually strong. x2
The goblin barely misses you. The goblin hits you.
* * * LOW HITPOINT WARNING * * *
You hit the goblin.
You kill the goblin!
Robin says, "Bow before me, strongest of all the hobgoblins!"
Robin throws the goblin at you!
You die...

### g...∆ g....
....gS######################
....g.ggg†g@g.............>.
....bg####################.#
..... ∆ #.# ..## #.# . #.#
#.# #### .... #...


You could see Robin, an adder, 2 hobgoblins, 5 goblins and a bat.

Vanquished Creatures
  An ooze (D:1)
  A dart slug (D:1)
  4 bats (D:1)
  4 goblins
  5 hobgoblins
  5 frilled lizards
  A kobold (D:1)
  A rat (D:1)
22 creatures vanquished.

Notes
Turn   | Place    | Note
-------+----------+-------------------------------------------
     0 | D:1      | jiml777 the Gnoll Warper began the quest for the Orb.
     0 | D:1      | Reached XP level 1. HP: 20/20 MP: 6/6
    24 | D:1      | You fall into a shaft and drop 1 floor!
   314 | D:1      | Reached XP level 2. HP: 15/26 MP: 7/7
  1188 | D:1      | Reached XP level 3. HP: 31/31 MP: 9/9
  1398 | D:2      | Noticed Robin
  1410 | D:2      | Reached skill level 5 in Spellcasting
  1418 | D:2      | HP: 1/31 [goblin[Robin] (4)]
  1420 | D:2      | Hit by a goblin thrown by Robin

Illustrated notes

Levels and vault maps discovered:
D:1:      elethiomel_arrival_maze, layout_basic, minivault_26
D:2:      layout_basic, lemuel_coloured_pillars_altar, uniq_robin

Skill      XL: |  1  2  3 |
---------------+----------+-----
Spellcasting   | 5 |  5.0
Fighting       | |  4.5
Short Blades   | |  0.6
Long Blades    | |  0.6
Axes           | |  0.6
Maces & Flails | |  0.6
Polearms       | |  4.5
Staves         | |  0.6
Slings         | |  0.6
Bows           | |  0.6
Crossbows      | |  0.6
Throwing       | |  2.5
Armour         | |  2.5
Dodging        | |  4.5
Stealth        | |  0.6
Shields        | |  0.6
Unarmed Combat | |  0.6
Conjurations   | |  0.4
Hexes          | |  0.4
Summonings     | |  0.4
Necromancy     | |  0.4
Translocations | |  5.4
Transmutations | |  0.4
Fire Magic     | |  0.4
Ice Magic      | |  0.4
Air Magic      | |  0.4
Earth Magic    | |  0.4
Poison Magic   | |  0.4
Invocations    | |  0.8
Evocations     | |  0.6

Action                   || total
-------------------------++-------
Melee: Spear             ||    74
       Bite              ||     9
 Stab: Sleeping          ||     3
Armor: Leather armour    ||    15
Dodge: Dodged            ||    60

Table legend: (Time is in decaauts)
 A = Elapsed time spent in this place.
 B = Non-inter-level travel time spent in this place.
 C = Inter-level travel time spent in this place.
 D = Time resting spent in this place.
 E = Time spent auto-exploring this place.
 F = Levels seen in this place.
 G = Mean time per level.
                   A        B        C        D        E       F      G
               +--------+--------+--------+--------+--------+-----+--------+
         Total |   1411 |   1372 |     39 |    130 |    982 |   2 |  705.5 |
       Dungeon |   1411 |   1372 |     39 |    130 |    982 |   2 |  705.5 |
               +--------+--------+--------+--------+--------+-----+--------+

Top non-repeatable levels by time:
     D:1: 1311 daAuts
     D:2: 100 daAuts
